 Dungeon Crawl Stone Soup version 0.22-a0-775-ga7d80019b5 (webtiles) character file.

226 Askman the Chopper (level 5, -1/47 HPs)
             Began as a Minotaur Berserker on July 18, 2018.
             Was a Priest of Trog.
             Killed by nerve-wracking pain
             ... invoked by Grinder
              (14 damage)
             ... on level 3 of the Dungeon.
             The game lasted 00:08:47 (2247 turns).

Askman the Chopper (Minotaur Berserker)             Turns: 2247, Time: 00:08:47

Health: -1/47      AC: 10    Str: 23    XL:     5   Next: 69%
Magic:  4/4        EV: 12    Int:  4    God:    Trog [***...]
Gold:   86         SH:  0    Dex:  9    Spells: 4/4 levels left

rFire    . . .     SeeInvis .   a - +0 hand axe
rCold    . . .     Gourm    .   (no shield)
rNeg     . . .     Faith    .   q - +3 ring mail
rPois    .         Spirit   .   (helmet restricted)
rElec    .         Reflect  .   (no cloak)
rCorr    .         Harm     +   (no gloves)
MR       .....                  b - +0 pair of boots
Stlth    ..........             k - amulet of harm
HPRegen  0.15/turn              (no ring)
MPRegen  0.09/turn              (no ring)

@: berserk cooldown, slowed, very slow
A: retaliatory headbutt, horns 2
a: Berserk, Trog's Hand, Renounce Religion


You were on level 3 of the Dungeon.
You worshipped Trog.
Trog was most pleased with you.
You were very hungry.

You visited 1 branch of the dungeon, and saw 3 of its levels.

You collected 86 gold pieces.

Inventory:

Hand Weapons
 a - a +0 hand axe (weapon)
Missiles
 c - 47 stones (quivered)
 g - 40 arrows
 r - 51 bolts
Armour
 b - a +0 pair of boots (worn)
   (You found it on level 1 of the Dungeon)
 q - a +3 ring mail (worn)
   (You found it on level 2 of the Dungeon)
Jewellery
 k - an amulet of harm (around neck)
   (You found it on level 1 of the Dungeon)
 n - a +2 ring of dexterity {unknown}
   (You found it on level 2 of the Dungeon)
Scrolls
 f - a scroll of magic mapping {unknown}
 h - 2 scrolls of fear {unknown}
 i - 4 scrolls of identify {unknown}
 j - 2 scrolls of immolation {unknown}
 l - 2 scrolls of teleportation {unknown}
 p - 2 scrolls of enchant weapon {unknown}
 s - a scroll of fog {unknown}
 u - a scroll of remove curse {unknown}
 v - a scroll of amnesia {unknown}
Potions
 m - a potion of mutation {unknown}
 o - a potion of magic {unknown}
 t - a potion of flight {unknown}
Comestibles
 d - 8 chunks of flesh
 e - 4 rations {!d}


   Skills:
 + Level 4.7 Fighting
 * Level 5.6 Axes
 + Level 3.9 Armour
 + Level 3.4 Dodging


You had 4 spell levels left.
You didn't know any spells.
Your spell library was empty.

Dungeon Overview and Level Annotations

Branches:
Dungeon (3/15)

Altars:

Annotations:
D:3 Grinder


Innate Abilities, Weirdness & Mutations

You reflexively headbutt those who attack you in melee.
You have a pair of horns on your head.


Message History

You are feeling very hungry.
Grinder blinks!
You feel a strong urge to attack something.
You barely miss Grinder. You headbutt Grinder! Grinder gestures at you.
You resist with significant effort.
You barely miss Grinder. You barely miss Grinder.
Grinder hits you but does no damage.
You barely miss Grinder. You headbutt Grinder! You hit the rat.
You kill the rat!
Trog accepts your kill.
Grinder blinks!
No target in view!
You feel a strong urge to attack something.
You are no longer berserk.
You are exhausted.
You feel yourself slow down.
Grinder blinks!
A worm comes into view.
Grinder gestures at you. You resist with significant effort.
You hit Grinder but do no damage. Grinder hits you.
You writhe in agony.
You hit Grinder but do no damage. Grinder gestures at you.
You barely resist. Grinder hits you but does no damage.
You hit Grinder but do no damage. Grinder gestures at you.
You suddenly lose the ability to move!
Grinder hits you but does no damage. Grinder hits you.
You writhe in agony.
* * * LOW HITPOINT WARNING * * *
Grinder gestures at you. Pain shoots through your body!
* * * LOW HITPOINT WARNING * * *
Grinder hits you.
* * * LOW HITPOINT WARNING * * *
You writhe in agony.
* * * LOW HITPOINT WARNING * * *
The worm bites you but does no damage.
You can move again.
You are too injured to fight recklessly!
You are too injured to fight recklessly!
You are too injured to fight recklessly!
You barely miss Grinder. Your headbutt misses Grinder. You hit the worm.
Grinder hits you but does no damage. x2; The worm bites you but does no damage.
You closely miss Grinder. You headbutt Grinder!
You hit the worm but do no damage. Grinder gestures at you.
Pain shoots through your body!
You die...

..#####.## #. #.#...## ###
#..##..###....#####.# ..#
##.##.#.......#.K...#
#.######........#...).#
..............#...#)###
#......####.###..##.##
#..###......##...##)[#######
............................
..#..####......5@.##.#######
.###.# ......w...†?# .# #.#
....!...##...# .# ..
........##.#.# .# ##
...)....##.#.# .#
........##. .. ##
........### .. ........# ...


You could see Grinder and a worm.

Vanquished Creatures
  2 crimson imps (D:3)
  An iguana (D:3)
  A worker ant (D:2)
  2 adders
  3 worms (D:3)
  A dart slug (D:2)
  2 leopard geckos (D:1)
  An orc (D:3)
  A ball python (D:1)
  11 bats
  3 giant cockroaches
  4 goblins
  8 hobgoblins
  11 jackals
  10 kobolds
  2 quokkas
  A frilled lizard (D:1)
  11 rats
75 creatures vanquished.

Notes
Turn   | Place    | Note
-------+----------+-------------------------------------------
     0 | D:1      | Askman the Minotaur Berserker began the quest for the Orb.
     0 | D:1      | Reached XP level 1. HP: 19/19 MP: 0/0
   416 | D:1      | Reached XP level 2. HP: 18/27 MP: 1/1
   417 | D:1      | Reached skill level 4 in Axes
   861 | D:1      | Reached ** piety under Trog
   933 | D:1      | Reached XP level 3. HP: 33/33 MP: 2/2
  1787 | D:2      | Reached XP level 4. HP: 35/40 MP: 3/3
  2066 | D:3      | Reached skill level 5 in Axes
  2114 | D:3      | Reached XP level 5. HP: 46/47 MP: 4/4
  2215 | D:3      | Reached *** piety under Trog
  2216 | D:3      | Noticed Grinder
  2241 | D:3      | Paralysed by Grinder for 5 turns
  2247 | D:3      | Killed from afar by Grinder

Vault maps used:
D:1:      dpeg_arrival_water_temple_mockup
D:3:      gammafunk_temple_overflow_pools, first_ration, hex_tiny, uniq_grinder,
          uniq_purgy

Skill      XL: |  1  2  3  4 |
---------------+-------------+-----
Axes           | 4 5 |  5.6
Fighting       | 4 |  4.7
Armour         | 3 |  3.9
Dodging        | 3 |  3.4

Action                   |  1- 3 |  4- 6 || total
-------------------------+-------+-------++-------
Melee: Hand axe          |    73 |    76 ||   149
       Headbutt          |     8 |    17 ||    25
Invok: Berserk           |       |     1 ||     1
  Eat: Chunk             |     3 |     1 ||     4
Armor: Animal skin       |     3 |       ||     3
       Ring mail         |    18 |    34 ||    52
Dodge: Dodged            |    55 |    34 ||    89

Table legend:
 A = Spawn XP
 B = Non-spawn XP
 C = Spawn XP percentage of total XP
 D = Spawn monster count
 E = Non-spawn monster count
 F = Spawn count percentage of total count
 G = Total turns spent on level
                    A         B        C        D         E        F      G
               +---------+---------+-------+---------+---------+-------+---------
         Total |       0 |     324 |   0.0 |       0 |      75 |   0.0 |  2247
               +---------+---------+-------+---------+---------+-------+---------
           D:1 |       0 |      55 |   0.0 |       0 |      31 |   0.0 |  1437
           D:2 |       0 |      81 |   0.0 |       0 |      21 |   0.0 |   615
           D:3 |       0 |     188 |   0.0 |       0 |      23 |   0.0 |   195
               +---------+---------+-------+---------+---------+-------+---------
